 Dungeon Crawl Stone Soup version 0.17.0-7-gfadd4cc (webtiles) character file.

714 oplop the Skirmisher (level 7, 0/74 HPs)
             Began as an Ogre Hunter on Nov 8, 2015.
             Succumbed to an adder's poison
             ... in a sewer.
             The game lasted 00:08:45 (4025 turns).

oplop the Skirmisher (Ogre Hunter)                  Turns: 4025, Time: 00:08:45

Health: 0/74       AC:  3    Str: 25    XL:     7   Next: 69%
Magic:  7/7        EV: 10    Int: 15    God:
Gold:   149        SH:  0    Dex: 10    Spells: 0 memorised, 6 levels left

rFire  . . .     SeeInvis +     a - +0 flail
rCold  . . .     Clarity  +     d - +0 robe
rNeg   . . .     SustAt   .     (no shield)
rPois  .         Gourm    .     (helmet restricted)
rElec  .         Spirit   .     (no cloak)
rCorr  .         Warding  .     (gloves unavailable)
rMut   .         Stasis   .     (boots unavailable)
MR     .....                    r - amulet of clarity
Stlth  ..........               q - ring of see invisible
                                o - ring of loudness (curse)

@: mighty, brilliant, lethally poisoned (0 -> -11), flying, not resistant to
hostile enchantments, extremely unstealthy
A: unfitting armour, tough skin 1
a: no special abilities


You were in a sewer.
You were hungry.

You visited 1 branch of the dungeon, and saw 4 of its levels.
You also visited: Sewer.

You collected 149 gold pieces.

Inventory:

Hand Weapons
 a - a +0 flail (weapon)
 b - a +0 blowgun
 c - a +0 short sword
 p - a cursed -2 club
Missiles
 y - 6 poisoned needles
Armour
 d - a +0 robe (worn)
Jewellery
 o - a cursed ring of loudness (left hand)
 q - a ring of see invisible (right hand)
 r - an amulet of clarity (around neck)
Scrolls
 f - 4 scrolls of recharging {unknown}
 h - 5 scrolls of identify {unknown}
 i - 2 scrolls of enchant weapon {unknown}
 j - 3 scrolls of enchant armour {unknown}
 k - 3 scrolls of random uselessness {unknown}
 m - a scroll of amnesia {unknown}
 t - a scroll of teleportation {unknown}
 u - a scroll of magic mapping {unknown}
 v - a scroll of immolation {unknown}
Comestibles
 e - 2 bread rations


   Skills:
 + Level 5.9 Fighting
 * Level 5.7 Maces & Flails
 + Level 5.7 Throwing
 + Level 3.7 Dodging
 - Level 0.7 Stealth


You had 6 spell levels left.
You didn't know any spells.

Dungeon Overview and Level Annotations

Branches:
Dungeon (4/15)
 Temple: D:4-7

Altars:
Kikubaaqudgha

Shops:
D:4 %


Innate Abilities, Weirdness & Mutations

You are too large for most types of armour.
You have tough skin (AC +1).


Message History

* * * LOW HITPOINT WARNING * * *
You feel sick. The adder bites you but does no damage.
The apprentice kobold demonologist hits you but does no damage.
Unknown command.
You hit the apprentice kobold demonologist.
The apprentice kobold demonologist is almost dead.
* * * LOW HITPOINT WARNING * * *
You feel sick. The adder closely misses you.
The apprentice kobold demonologist hits you but does no damage.
The adder bites you.
* * * LOW HITPOINT WARNING * * *
You are more poisoned.
The adder poisons you!
You bludgeon the apprentice kobold demonologist!!
You kill the apprentice kobold demonologist!
Your Maces & Flails skill increases to level 5!
* * * LOW HITPOINT WARNING * * *
You feel sick. The adder barely misses you.
Unknown command.
You die...

'.§.....#..≈#≈≈.≈..........≈#(
'..._.§.(...≈≈≈≈.≈≈≈≈≈≈≈≈≈≈...
'.§.....#..≈#≈≈.)........).≈#.
##..§..###.####.#≈###≈≈#≈#####
##...# #≈≈(#...≈≈≈≈≈≈≈≈≈≈≈ #.
#''' #≈≈(#..≈≈≈≈≈≈≈≈≈≈≈≈≈#.
#.... #≈≈.#S.≈≈≈≈≈≈≈≈≈≈≈≈≈#.
#.≈≈≈ #≈≈K#.≈≈≈≈≈≈≈≈≈≈≈≈≈≈#.
#.. #≈≈.#@≈≈≈≈≈≈≈≈≈≈≈≈≈≈#.
#≈≈.).≈≈≈≈≈≈≈≈≈≈≈≈≈≈#.
##.############ # ##
#...#≈≈≈≈≈≈≈ ≈≈≈≈#.
#≈.≈..≈≈≈≈≈≈ ≈≈≈≈≈≈..
#≈≈≈#.≈≈≈≈≈≈ ≈≈≈≈≈≈#≈
############ ########


You could see an adder.

Vanquished Creatures
  A kobold demonologist (Sewer)
  A big kobold (Sewer)
  2 vampire bats (D:2)
  2 orc priests (D:4)
  3 big kobold zombies (Sewer)
  4 shadow imps (Sewer)
  5 adders
  4 ufetubi (Sewer)
  3 worms
  7 giant geckos
  4 orcs
  4 bat skeletons (D:2)
  A bat zombie (D:2)
  4 giant cockroaches
  8 goblins
  7 hobgoblins
  A quokka (D:3)
  7 bats
  14 kobolds
  2 kobold zombies (Sewer)
  13 rats
97 creatures vanquished.

Vanquished Creatures (others)
  A big kobold zombie (Sewer)
  An ooze (Sewer)
  A giant cockroach zombie (Sewer)
  A kobold zombie (Sewer)
4 creatures vanquished.

Grand Total: 101 creatures vanquished

Notes
Turn   | Place    | Note
--------------------------------------------------------------
     0 | D:1      | oplop the Ogre Hunter began the quest for the Orb.
     0 | D:1      | Reached XP level 1. HP: 22/22 MP: 1/1
   224 | D:1      | Reached XP level 2. HP: 16/31 MP: 2/2
   990 | D:1      | Reached XP level 3. HP: 34/37 MP: 3/3
  1460 | D:2      | Reached XP level 4. HP: 48/48 MP: 4/4
  1754 | D:2      | Found an ancient bone altar of Kikubaaqudgha.
  1787 | D:2      | Reached XP level 5. HP: 11/54 MP: 5/5
  2026 | D:3      | Reached skill level 5 in Throwing
  2624 | D:4      | Found Olig Xof's Food Shoppe.
  2948 | D:4      | Reached XP level 6. HP: 30/63 MP: 6/6
  3224 | D:4      | Found a glowing drain.
  3229 | Sewer    | Entered a sewer
  3553 | Sewer    | Reached skill level 5 in Fighting
  3957 | Sewer    | Reached XP level 7. HP: 24/72 MP: 7/7
  3973 | Sewer    | Found a burning altar of Makhleb.
  3997 | Sewer    | Noticed an apprentice kobold demonologist
  4023 | Sewer    | HP: 3/72 [poisoned by an adder]
  4024 | Sewer    | Killed an apprentice kobold demonologist
  4024 | Sewer    | Reached skill level 5 in Maces & Flails
  4024 | Sewer    | HP: 1/74 [poisoned by an adder]
  4025 | Sewer    | Succumbed to an adder's poison

Action                   |  1- 3 |  4- 6 |  7- 9 || total
-------------------------+-------+-------+-------++-------
Melee: Short sword       |    90 |    97 |       ||   187
       Flail             |       |   149 |    10 ||   159
 Fire: Blowgun           |       |     1 |     4 ||     5
Throw: Large rock        |     3 |    32 |     8 ||    43
       Throwing net      |       |     5 |     1 ||     6
  Use: Potion            |       |       |     5 ||     5
 Stab: Sleeping          |     4 |       |       ||     4
       Held in net/web   |       |     1 |     1 ||     2
  Eat: Chunk             |     1 |       |       ||     1
       Bread ration      |       |     2 |       ||     2
